 Dungeon Crawl Stone Soup version 0.22-a0-877-g5c4e1af (webtiles) character file.

137 Atlas the Grave Robber (level 5, -1/35 HPs)
             Began as a Mummy Necromancer on July 29, 2018.
             Slain by an orc
             ... wielding a cursed -3 hand axe
              (4 damage)
             ... on level 3 of the Dungeon.
             The game lasted 00:03:18 (2563 turns).

Atlas the Grave Robber (Mummy Necromancer)          Turns: 2563, Time: 00:03:18

Health: -1/35      AC:  5    Str: 11    XL:     5   Next: 0%
Magic:  1/11       EV: 11    Int: 16    God:
Gold:   93         SH:  0    Dex: 12    Spells: 9/13 levels left

rFire    x . .     SeeInvis .   (no weapon)
rCold    + . .     Gourm    .   (no shield)
rNeg     + + +     Faith    .   c - +1 leather armour
rPois    ∞         Spirit   .   e - +0 helmet
rElec    .         Reflect  .   (no cloak)
rCorr    .         Harm     .   (no gloves)
MR       .....                  (no boots)
Stlth    ++........             b - amulet of inaccuracy (curse)
HPRegen  0.11/turn              k - ring of poison resistance
MPRegen  0.12/turn              (no ring)

@: no status effects
A: no food or potions, fire vulnerability, cold resistance 1, negative energy
resistance 3, torment resistance, unbreathing
a: no special abilities


You were on level 3 of the Dungeon.
You were not hungry.

You visited 1 branch of the dungeon, and saw 3 of its levels.

You collected 93 gold pieces.

Inventory:

Armour
 c - a +1 leather armour (worn)
 e - a +0 helmet (worn)
Jewellery
 b - a cursed amulet of inaccuracy (around neck)
 k - a ring of poison resistance (left hand)
Wands
 f - a wand of paralysis (6)
Scrolls
 a - a scroll of random uselessness
 d - a scroll of amnesia


   Skills:
 + Level 1.3 Armour
 + Level 1.7 Dodging
 + Level 1.6 Stealth
 + Level 4.6 Spellcasting
 + Level 4.9 Necromancy


You had 9 spell levels left.
You knew the following spells:

 Your Spells              Type           Power        Failure   Level  Hunger
a - Pain                  Necr           ###.         2%          1    N/A
c - Vampiric Draining     Necr           ###.......   9%          3    N/A

Your spell library contained the following spells:

 Spells                   Type           Power        Failure   Level  Hunger
 Animate Dead             Necr           N/A          26%         4    N/A
 Animate Skeleton         Necr           N/A          2%          1    N/A
 Regeneration             Chrm/Necr      ##........   22%         3    N/A

Dungeon Overview and Level Annotations

Branches:
Dungeon (3/15)

Altars:
Okawaru


Innate Abilities, Weirdness & Mutations

You do not eat or drink.
Your flesh is vulnerable to fire.
You are immune to poison.
Your flesh is cold resistant. (rC+)
You are immune to negative energy. (rN+++)
You are immune to unholy pain and torment.
You can survive without breathing.


Message History

An orc comes into view. It is wielding an enchanted flail.
The adder barely misses you. The adder barely misses you.
Casting: Pain (safe; 2% risk of failure)
Confirm with . or Enter, or press ? or * to list all spells.
Aiming: Pain (safe; 2% risk of failure)
Press: ? - help, Shift-Dir - straight line, f/p - orc
Aim: an orc, wielding a dagger (almost dead, chance to defeat MR: 89%)
The adder writhes in agony!
The adder barely misses you. The adder bites you but does no damage.
An orc comes into view. It is wielding a club.
An orc comes into view. It is wielding a war axe.
An orc comes into view. It is wielding a hand axe.
Okay, then.
The adder bites you but does no damage.
The orc shouts! x2
The orc hits you with a club.
* * * LOW HITPOINT WARNING * * *
The adder bites you but does no damage. The orc hits you with a hand axe.
You die...

.#######.# .#.. .
#o# #.# #.# #.#
##.## ##o..##
##S...(##
##@oo....###### #
###...o.........#
#.
.........).####.#
#.## ###..>....##
#(. ##....)##
#.#######.#.##
#......####.#
###..)<..####.#
.............(...#


You could see an adder and 4 orcs.

Vanquished Creatures
  Jessica (D:2)
  An orc wizard (D:3)
  2 adders
  A gnoll (D:1)
  An ooze (D:2)
  A leopard gecko (D:1)
  6 orcs (D:3)
  3 giant cockroaches
  5 goblins
  9 hobgoblins
  5 kobolds
  A quokka (D:2)
  A ball python (D:1)
  5 bats
  5 rats
47 creatures vanquished.

Notes
Turn   | Place    | Note
-------+----------+-------------------------------------------
     0 | D:1      | Atlas the Mummy Necromancer began the quest for the Orb.
     0 | D:1      | Reached XP level 1. HP: 13/13 MP: 4/4
   509 | D:1      | Reached XP level 2. HP: 19/19 MP: 2/5
   727 | D:1      | Reached skill level 1 in Armour
  1251 | D:1      | Reached XP level 3. HP: 24/24 MP: 2/7
  1256 | D:1      | Learned a level 3 spell: Vampiric Draining
  1686 | D:2      | Found a faded altar of an unknown god.
  1695 | D:2      | Found an iron altar of Okawaru.
  1728 | D:2      | Noticed Jessica
  1734 | D:2      | Killed Jessica
  1856 | D:2      | Reached XP level 4. HP: 30/30 MP: 3/9
  2530 | D:3      | Reached XP level 5. HP: 20/35 MP: 1/11
  2563 | D:3      | Slain by an orc

Vault maps used:
D:1:      dpeg_arrival_line_fractal, minmay_pentomino_v2
D:2:      old_standard_altar, chequers_ecumenical_altar_island, uniq_jessica
D:3:      grunt_temple_overflow_open, first_ration, minmay_statues_item

Skill      XL: |  1  2  3  4 |
---------------+-------------+-----
Armour         | 1 |  1.3
Spellcasting   | 3 4 |  4.6
Dodging        | |  1.7
Stealth        | |  1.6
Necromancy     | |  4.9

Action                   |  1- 3 |  4- 6 || total
-------------------------+-------+-------++-------
Melee: Unarmed           |     8 |     9 ||    17
 Cast: Pain              |    57 |    44 ||   101
  Use: Scroll            |       |     6 ||     6
Armor: Leather armour    |    10 |    13 ||    23
Dodge: Dodged            |    20 |    16 ||    36

Table legend:
 A = Spawn XP
 B = Non-spawn XP
 C = Spawn XP percentage of total XP
 D = Spawn monster count
 E = Non-spawn monster count
 F = Spawn count percentage of total count
 G = Total turns spent on level
                    A         B        C        D         E        F      G
               +---------+---------+-------+---------+---------+-------+---------
         Total |       0 |     196 |   0.0 |       0 |      47 |   0.0 |  2563
               +---------+---------+-------+---------+---------+-------+---------
           D:1 |       0 |      45 |   0.0 |       0 |      21 |   0.0 |  1475
           D:2 |       0 |      77 |   0.0 |       0 |      13 |   0.0 |   811
           D:3 |       0 |      74 |   0.0 |       0 |      13 |   0.0 |   277
               +---------+---------+-------+---------+---------+-------+---------
